 Dungeon Crawl Stone Soup version 0.30.1-4-g462c640d31 (webtiles) character file.

Game seed: 242256412510911267

97616 sunglassesatnite the Warrior (level 15, -3/155 HPs)
             Began as a Minotaur Berserker on Aug 15, 2023.
             Was a High Priest of Trog.
             Slain by a shock serpent (5 damage)
             ... on level 3 of the Snake Pit.
             The game lasted 01:28:40 (25861 turns).

sunglassesatnite the Warrior (Minotaur Berserker)  Turns: 25861, Time: 01:28:41

Health: -3/155     AC: 25    Str: 31    XL:     15   Next: 72%
Magic:  14/14      EV: 15    Int:  3    God:    Trog [*****.]
Gold:   2136       SH: 20    Dex: 20    Spells: 14/14 levels left

rFire   . . .        b - +6 broad axe (heavy)
rCold   + . .        B - +0 kite shield
rNeg    . . .        F - +0 plate armour
rPois   .            (helmet restricted)
rElec   .            y - +1 cloak
rCorr   .            a - +0 pair of gloves of Glamorous Music {rC+ Dex+3}
SInv    .            k - +0 pair of boots
Will    +....        d - amulet of reflection Stlth
                     C - ring of flight
HPRegen 0.45/turn    V - +6 ring of strength
MPRegen 0.14/turn

%: reflection
@: flying, studying Dodging
A: horns 2, retaliatory headbutt, iridescent scales 1, large bone plates 1,
agile 1, wild magic 1
a: Renounce Religion, Berserk, Trog's Hand, Brothers in Arms


You were on level 3 of the Snake Pit.
You worshipped Trog.
Trog was extremely pleased with you.
You visited 3 branches of the dungeon, and saw 20 of its levels.
You also visited: Gauntlet.

You collected 2609 gold pieces.
You spent 473 gold pieces at shops.

Inventory:

Hand Weapons
 b - a +6 heavy broad axe (weapon)
 j - a +1 heavy battleaxe
 O - a +4 antimagic eveningstar
Missiles
 v - 5 atropa-tipped darts (quivered)
 A - 5 curare-tipped darts
 M - 6 javelins
Armour
 a - the +0 pair of gloves of Glamorous Music (worn) {rC+ Dex+3}
   (You acquired it on level 10 of the Dungeon)

   Dex:       It affects your dexterity (+3).
   rC:        It protects you from cold.
 k - a +0 pair of boots (worn)
 y - a +1 cloak (worn)
 B - a +0 kite shield (worn)
 F - a +0 plate armour (worn)
 H - the +1 pair of gloves of the Ant {Fly rN+}
   (You found it in a Gauntlet)

   rN:        It protects you from negative energy.
   Fly:       It grants you flight.
 K - a +1 buckler
Jewellery
 d - an amulet of reflection (around neck)
 r - a +4 ring of protection
 u - a ring of protection from cold
 C - a ring of flight (left hand)
 V - a +6 ring of strength (right hand)
 Y - a ring of protection from fire
Wands
 p - a wand of mindburst (24)
 I - a wand of digging (5)
 N - a wand of paralysis (3)
 P - a wand of roots (18)
 S - a wand of flame (18)
 U - a wand of acid (10)
 Z - a wand of polymorph (17)
Scrolls
 c - 9 scrolls of identify
 i - a scroll of brand weapon
 m - 2 scrolls of fear
 w - 9 scrolls of teleportation
 D - a scroll of blinking
 E - 2 scrolls of noise
 G - 4 scrolls of fog
 J - a scroll of enchant armour
 T - 3 scrolls of magic mapping
 X - 2 scrolls of summoning
Potions
 e - 4 potions of haste
 f - 2 potions of berserk rage
 g - 3 potions of ambrosia
 h - 10 potions of curing
 l - 6 potions of flight
 n - a potion of magic
 o - a potion of resistance
 q - 3 potions of lignification
 s - 2 potions of invisibility
 x - 2 potions of cancellation
 z - 3 potions of heal wounds
 Q - 2 potions of mutation
 R - 5 potions of might
Miscellaneous
 t - a phial of floods
 L - a piece from Xom's chessboard (15/15)


   Skills:
 * Level 19.8 Fighting
 - Level 17.4(18.3) Axes
 - Level 9.8(14.7) Maces & Flails
 + Level 0.3 Throwing
 + Level 15.4 Armour
 * Level 13.3 Dodging
 - Level 1.8 Stealth
 - Level 5.7 Shields
 + Level 0.5 Unarmed Combat


You had 14 spell levels left.
You didn't know any spells.
Your spell library was empty.

Dungeon Overview and Level Annotations

Branches:
Dungeon (15/15)            Temple (0/1) D:7            Lair (2/5) D:9
  Snake (3/4) Lair:2          Orc (0/2) D:10         Vaults (0/5) D:14
 Depths (0/4) D:15        Gauntlet (visited)
  Swamp: Lair:2-3    Shoals: Lair:2-3

Altars:
Ashenzari
Hepliaklqana
Kikubaaqudgha
Nemelex Xobeh
Okawaru
Qazlal
Ru
Sif Muna
Trog
Vehumet
Xom

Shops:
D:4 [   D:10 (   Snake:1 ?*!   Snake:2 *[

Portals:
Trove: D:15 (give horn of Geryon)
Ice
Cave: Snake:3


Innate Abilities, Weirdness & Mutations

You have a pair of horns on your head.
You reflexively headbutt those who attack you in melee.
You are partially covered in iridescent scales. (AC +2)
You are partially covered in large bone plates. (SH +4)
You are agile. (Dex +4, Str/Int -1)
Your spells are a little harder to cast, but a little more powerful.


Message History

a +0 trident; a naga corpse You completely miss the naga.
You headbutt the naga, but do no damage.
You feel sick.
You are no longer poisoned.
The naga barely misses you. You furiously retaliate!
You headbutt the naga! You block the naga's attack.
You slice the naga like a ripe choko!!!
You kill the naga!
Trog accepts your kill.
A naga mage comes into view. It is wielding a +2 flail of pain.
The naga mage shouts!
Things that are here:
a +0 halberd; a +0 robe You slash the shock serpent!
The shock serpent is moderately wounded.
The shock serpent's electric aura discharges, shocking you!
You block the shock serpent's attack.
The shock serpent shoots out a bolt of lightning at you!
The bolt of electricity hits you!! The bolt of electricity hits you!
You closely miss the shock serpent.
The shock serpent is moderately wounded.
The shock serpent shoots out a bolt of lightning at you!
The bolt of electricity hits you! The bolt of electricity hits you!!
The naga mage casts a spell.
The naga mage seems to speed up.
The shock serpent shoots out a bolt of lightning at you!
The bolt of electricity hits you!!
* * * LOW HITPOINT WARNING * * *
The bolt of electricity hits you!!
* * * LOW HITPOINT WARNING * * *
You slice the shock serpent!! You headbutt the shock serpent!
The shock serpent is almost dead.
The shock serpent's electric aura discharges, shocking you!
* * * LOW HITPOINT WARNING * * *
The naga mage spits poison at you.
You block splash of poison... and reflect it back!
The splash of poison hits the naga mage.
The shock serpent bites you.
You die...

#. ### ##. . # ###.#
######.. ..
##......###....... ...
###..#.....#........
....#...##..............
........##...........[..
#.N.................##.[
#..@S..$.......##...
##..................#
#...................##
......#...............#
..?...#...............#
..##........$[..........
. #....................
.....................
.......###...........


You could see a shock serpent and a naga mage (fast, catching breath).

Vanquished Creatures
  Rupert (Snake:1)
  Roxanne (D:14)
  A minotaur (Gauntlet)
  8 vault guards (D:14)
  A salamander tyrant (Snake:3)
  Erica (Lair:1)
  2 anacondas
  2 death knights
  A tengu warrior (D:14)
  8 two-headed ogres
  4 centaur warriors
  The ghost of bronco the Grappler, a novice DrTm of Nemelex Xobeh (D:9)
  4 boulder beetles
  A vampire mage (D:15)
  5 naga sharpshooters
  5 naga warriors
  2 shock serpents
  2 salamander mystics
  7 skeletal warriors
  2 naga ritualists (Snake:1)
  An orc knight (D:10)
  2 necromancers
  A harpy (shapeshifter) (D:14)
  A phantasmal warrior (D:14)
  3 manticores
  A stone giant zombie (D:15)
  7 mana vipers
  35 ugly things
  2 guardian serpents (Snake:2)
  6 centaur zombies (D:7)
  4 cyclopes
  12 salamanders
  Maurice (D:13)
  27 black mambas
  2 fire giant skeletons (D:15)
  A centaur skeleton (D:7)
  A gargoyle (D:12)
  An unseen horror (D:12)
  6 naga magi
  3 cane toads
  3 efreet
  A komodo dragon (Lair:1)
  A freezing wraith (D:14)
  2 tengu conjurers
  2 trolls
  2 hellwings (D:7)
  A wolf spider simulacrum (Gauntlet)
  4 slime creatures (D:12)
  Sigmund (D:6)
  2 shadows (D:11)
  3 centaur simulacra
  5 wraiths
  12 yaks
  2 wyverns
  3 fire elementals (Gauntlet)
  4 basilisks
  A steam dragon (D:7)
  15 vampire mosquitoes
  A redback simulacrum (Gauntlet)
  A harpy simulacrum (Gauntlet)
  A glowing shapeshifter zombie (D:15)
  23 nagas
  2 acid dragons
  Duvessa (D:6)
  8 water moccasins
  A hell hound (Gauntlet)
  6 orc warriors
  5 black bears
  An ice beast (D:7)
  3 sky beasts
  A tengu (shapeshifter) (D:15)
  3 ogres
  9 centaurs
  6 bullfrogs
  8 scorpions
  19 wights
  Dowan (D:6)
  16 killer bees
  2 howler monkeys
  An electric eel (Lair:1)
  A jelly (D:7)
  10 orc priests
  4 hounds
  Jessica (D:2)
  7 iguanas
  2 sleepcaps
  18 orc wizards
  4 polar bear simulacra (D:14)
  2 yak simulacra (D:14)
  3 wolf simulacra (D:14)
  Robin (D:2)
  7 gnolls
  2 adders (D:5)
  5 shadow imps
  An ufetubus (D:4)
  A worm (D:5)
  A dart slug (D:1)
  51 orcs
  An endoplasm (D:2)
  3 giant cockroaches
  8 hobgoblins
  A quokka (D:5)
  7 ball pythons
  5 bats
  2 frilled lizards
  19 goblins
  A kobold (D:3)
  6 rats
  2 river rat simulacra (D:14)
  A butterfly (Lair:2)
536 creatures vanquished.

Vanquished Creatures (collateral kills)
  A yak (D:8)
1 creature vanquished.

Vanquished Creatures (others)
  A wizard (D:15)
1 creature vanquished.

Grand Total: 538 creatures vanquished

Notes
Turn   | Place    | Note
-------+----------+-------------------------------------------
     0 | D:1      | sunglassesatnite the Minotaur Berserker began the quest for
                  | the Orb.
     0 | D:1      | Reached XP level 1. HP: 19/19 MP: 0/0
   167 | D:1      | Reached skill level 4 in Fighting
   235 | D:1      | Reached XP level 2. HP: 25/27 MP: 1/1
   772 | D:2      | Noticed Robin
   775 | D:2      | Killed Robin
   778 | D:2      | Reached XP level 3. HP: 33/33 MP: 2/2
   843 | D:2      | Found a faded altar of an unknown god.
   854 | D:2      | Reached ** piety under Trog
  1000 | D:2      | Noticed Jessica
  1007 | D:2      | Killed Jessica
  1008 | D:2      | Reached XP level 4. HP: 32/41 MP: 3/3
  1493 | D:3      | Reached skill level 1 in Shields
  1717 | D:3      | Found a shimmering altar of Xom.
  2675 | D:4      | Reached XP level 5. HP: 20/47 MP: 4/4
  3064 | D:4      | Reached skill level 5 in Maces & Flails
  3072 | D:4      | Noticed a black bear
  3081 | D:4      | Killed a black bear
  3082 | D:4      | Reached XP level 6. HP: 28/53 MP: 5/5
  3543 | D:4      | Found Naecw's Antique Armour Shop.
  3554 | D:4      | Bought a pair of gloves for 117 gold pieces
  3589 | D:4      | Reached skill level 5 in Armour
  3593 | D:4      | Reached skill level 5 in Fighting
  3593 | D:4      | Reached XP level 7. HP: 57/61 MP: 6/6
  3710 | D:4      | Reached skill level 1 in Stealth
  4076 | D:5      | Entered Level 5 of the Dungeon
  4327 | D:5      | Reached XP level 8. HP: 42/69 MP: 7/7
  4446 | D:5      | Reached *** piety under Trog
  5161 | D:5      | Found a stormy altar of Qazlal.
  5541 | D:5      | Reached skill level 6 in Fighting
  5731 | D:6      | Noticed Sigmund
  5737 | D:6      | Killed Sigmund
  5884 | D:6      | Found a sacrificial altar of Ru.
  6105 | D:6      | Noticed Dowan
  6106 | D:6      | Noticed Duvessa
  6113 | D:6      | Killed Dowan
  6119 | D:6      | Killed Duvessa
  6120 | D:6      | Reached XP level 9. HP: 65/78 MP: 2/8
  6360 | D:6      | Found an iron altar of Okawaru.
  6783 | D:4      | Bought a pair of boots for 117 gold pieces
  6803 | D:7      | Noticed a hellwing
  6805 | D:7      | Noticed a hellwing
  6811 | D:7      | Reached skill level 7 in Fighting
  6812 | D:7      | Killed a hellwing
  6813 | D:7      | Reached skill level 5 in Axes
  6813 | D:7      | Reached skill level 5 in Dodging
  6815 | D:7      | Killed a hellwing
  6817 | D:7      | Reached XP level 10. HP: 54/86 MP: 9/9
  7367 | D:7      | Found a staircase to the Ecumenical Temple.
  7456 | D:7      | Reached skill level 10 in Axes
  7975 | D:7      | Reached **** piety under Trog
  8028 | D:7      | Found an ancient bone altar of Kikubaaqudgha.
  8034 | D:7      | Found a shimmering blue altar of Sif Muna.
  8052 | D:7      | Found a radiant altar of Vehumet.
  8344 | D:8      | Reached skill level 5 in Shields
  8714 | D:8      | Reached skill level 8 in Fighting
  8857 | D:8      | Noticed a two-headed ogre
  8865 | D:8      | Killed a two-headed ogre
  8866 | D:8      | Reached XP level 11. HP: 94/94 MP: 10/10
  9332 | D:8      | Reached ***** piety under Trog
 10561 | D:9      | Found a staircase to the Lair.
 10893 | D:9      | Gained mutation: You are agile. (Dex +4, Str/Int -1)
                  | [potion of mutation]
 10893 | D:9      | Gained mutation: Your spells are a little harder to cast,
                  | but a little more powerful. [potion of mutation]
 10893 | D:9      | Gained mutation: You have hidden genetic potential. [potion
                  | of mutation]
 10960 | D:9      | Found a transporter.
 10968 | D:9      | Noticed bronco's ghost (novice DrTm)
 10968 | D:9      | Noticed a two-headed ogre
 10968 | D:9      | Noticed a two-headed ogre
 10969 | D:9      | Noticed a two-headed ogre
 10970 | D:9      | Noticed a two-headed ogre
 10973 | D:9      | Found a transporter.
 11026 | D:10     | Entered Level 10 of the Dungeon
 11044 | D:10     | Reached skill level 10 in Armour
 11123 | D:10     | Reached skill level 9 in Fighting
 11555 | D:10     | Identified 2 scrolls of acquirement
 11556 | D:10     | Acquired the +0 pair of gloves of Glamorous Music {rC+
                  | Dex+3}
 11569 | D:10     | Acquired 980 gold pieces
 11635 | D:10     | Found a staircase to the Orcish Mines.
 11641 | D:10     | Noticed an orc knight
 11659 | D:10     | Received a gift from Trog
 11667 | D:10     | Killed an orc knight
 12005 | D:10     | Found Efiesucu's Antique Weapon Shop.
 12117 | D:10     | Found a hazy altar of Hepliaklqana.
 12121 | D:10     | Found a sparkling altar of Nemelex Xobeh.
 12122 | D:10     | Found a broken altar of Ashenzari.
 12124 | D:10     | Found a bloodstained altar of Trog.
 12442 | D:11     | You are sucked into a shaft and drop 1 floor!
 12524 | D:12     | Noticed a boulder beetle
 12530 | D:12     | Killed a boulder beetle
 12595 | D:11     | Noticed a two-headed ogre
 12600 | D:11     | Noticed a two-headed ogre
 12602 | D:11     | Killed a two-headed ogre
 12948 | D:11     | Killed a two-headed ogre
 12949 | D:11     | Reached XP level 12. HP: 80/106 MP: 11/11
 12951 | D:11     | Reached skill level 10 in Fighting
 13396 | D:11     | Noticed a boulder beetle
 13408 | D:11     | Killed a boulder beetle
 13977 | D:12     | Reached skill level 15 in Axes
 14001 | D:12     | Gained mutation: You are partially covered in iridescent
                  | scales. (AC +2) [hidden potential]
 14733 | D:12     | Acquired a manual of Dodging
 14886 | D:13     | Noticed Maurice
 14890 | D:13     | Noticed a two-headed ogre
 14892 | D:13     | Killed Maurice
 14893 | D:13     | Reached skill level 11 in Fighting
 14895 | D:13     | Killed a two-headed ogre
 14960 | D:13     | Noticed a centaur warrior
 14968 | D:13     | Killed a centaur warrior
 15384 | D:13     | Noticed a boulder beetle
 15391 | D:13     | Killed a boulder beetle
 16155 | D:14     | Noticed a vault guard
 16155 | D:14     | Noticed a vault guard
 16155 | D:14     | Noticed a vault guard
 16155 | D:14     | Noticed a vault guard
 16160 | D:14     | Noticed a vault guard
 16162 | D:14     | Noticed a vault guard
 16163 | D:14     | Killed a vault guard
 16163 | D:14     | Noticed a vault guard
 16164 | D:14     | Found a gate to the Vaults.
 16164 | D:14     | Noticed a vault guard
 16170 | D:14     | Killed a vault guard
 16171 | D:14     | Reached XP level 13. HP: 117/117 MP: 12/12
 16179 | D:14     | Reached skill level 12 in Fighting
 16215 | D:14     | Gained mutation: You are partially covered in large bone
                  | plates. (SH +4) [hidden potential]
 16215 | D:14     | Lost mutation: You have hidden genetic potential. [hidden
                  | potential expressed]
 16264 | D:14     | Identified the +0 ring mail "Efuczuo" {rCorr}
 16293 | D:14     | Reached skill level 13 in Fighting
 16467 | D:14     | Found a gate leading to a gauntlet.
 16473 | Gauntlet | Entered a Gauntlet
 16473 | Gauntlet | Found a transporter.
 16476 | Gauntlet | Found a transporter.
 16477 | Gauntlet | Found a runed translucent door.
 16478 | Gauntlet | Found a runed translucent door.
 16488 | Gauntlet | Found a transporter.
 16492 | Gauntlet | Found a transporter.
 16502 | Gauntlet | Found a transporter.
 16522 | Gauntlet | Found a transporter.
 16525 | Gauntlet | Found a transporter.
 16529 | Gauntlet | Found a transporter.
 16589 | Gauntlet | Identified the +1 pair of gloves of the Ant {Fly rN+}
 16625 | Gauntlet | Noticed a minotaur
 16630 | Gauntlet | Killed a minotaur
 16654 | Gauntlet | Identified the +0 kite shield "Bihat" {rCorr Int+4}
 16678 | Gauntlet | Found the necklace of Bloodlust {Fury *Rage Will++ Int-3
                  | Slay+6}
 17053 | D:14     | Reached skill level 14 in Fighting
 17111 | D:14     | Noticed Roxanne
 17157 | D:14     | Killed Roxanne
 17741 | D:15     | Entered Level 15 of the Dungeon
 17777 | D:15     | Received a gift from Trog
 17783 | D:15     | Reached skill level 15 in Fighting
 17796 | D:15     | Reached XP level 14. HP: 55/135 MP: 13/13
 17796 | D:15     | Found a staircase to the Depths.
 18122 | D:15     | Reached skill level 10 in Dodging
 18808 | D:15     | Reached skill level 16 in Fighting
 19171 | D:15     | Found a portal to a secret trove of treasure.
 20145 | D:9      | Killed bronco's ghost
 20201 | Lair:1   | Entered Level 1 of the Lair of Beasts
 20784 | Lair:1   | Noticed Erica
 20795 | Lair:1   | Killed Erica
 20947 | Lair:2   | Found a staircase to the Snake Pit.
 20955 | Lair:2   | Reached skill level 17 in Fighting
 20964 | Snake:1  | Entered Level 1 of the Snake Pit
 20968 | Snake:1  | Noticed Rupert
 20975 | Snake:1  | Killed Rupert
 21044 | Snake:1  | Found Nemacsiw's Distillery.
 22432 | Snake:1  | Found Helast's Magic Scroll Boutique.
 22435 | Snake:1  | You are sucked into a shaft and drop 1 floor!
 22442 | Snake:2  | Reached skill level 18 in Fighting
 22442 | Snake:2  | Reached XP level 15. HP: 54/149 MP: 14/14
 23053 | Snake:1  | Found Miguaxupo's General Store.
 23067 | Snake:1  | Bought a scroll of enchant armour for 112 gold pieces
 23665 | Snake:2  | Received a gift from Trog
 23826 | Snake:2  | Found Ymaingyo's General Store.
 23834 | Snake:2  | Bought a scroll of magic mapping for 127 gold pieces
 23890 | Snake:2  | Identified the +1 longbow of the Many Suns {freeze, rF+
                  | rN+}
 24391 | Snake:2  | Found Nacseviff's Antique Armour Shoppe.
 24405 | Snake:2  | Reached skill level 19 in Fighting
 25354 | Snake:3  | Reached skill level 15 in Armour
 25357 | Snake:3  | Found a frozen archway.
 25847 | Snake:3  | Identified the +1 cloak of Irhierub {-Tele Int+4}
 25861 | Snake:3  | HP: 1/155 [shock serpent/electric aura (12)]
 25861 | Snake:3  | Slain by a shock serpent

Illustrated notes

Levels and vault maps discovered:
D:1:      mrwooster_arrival_arrow, layout_loops_cross
D:2:      layout_loops_cross, ebering_ecumenical_altar_mist, serial_rivers,
          chequers_serial_rivers_large_b, chequers_serial_rivers_micro_b,
          chequers_serial_rivers_micro_c, chequers_serial_rivers_small_a,
          uniq_robin, uniq_jessica
D:3:      layout_basic, mainiacjoe_overflow_six_doors_small,
          dreamdust_wishing_well
D:4:      layout_gridville, serial_shops, nicolae_stop_n_shop_2
D:5:      layout_loops_ring, mainiacjoe_overflow_small_starburst,
          serial_co_window_serial, co_window_cross_1, co_window_cross_1,
          co_window_of_opportunity_a, co_window_paths_a, co_window_paths_b,
          co_window_2corner, co_window_corner_b, co_window_corner_cb,
          co_window_paths_e, glass_columns_b, glass_columns_a, glass_columns_a,
          glass_columns_c, glass_columns_a, minmay_fractal_squares_diagonal_5
D:6:      layout_rooms, nicolae_ru_awakened_eye, mainiacjoe_overflow_swirl,
          uniq_duvessa, uniq_sigmund
D:7:      cheibrodos_grave_circle, layout_loops_ring,
          palyth_temple_overflow_mages, temple_doors_cd
D:8:      layout_gridville, eino_jars
D:9:      layout_rooms, minmay_lair_entry_grove, gammafunk_ghost_smash,
          amethyst_killhole
D:10:     layout_cave_pools, marbit_many_paths, minitemple, david_orc_5,
          serial_shops, nicolae_shop_peninsula
D:11:     layout_loops_cross, david_defended_altar_orc
D:12:     layout_rooms, grunt_ministairs_3, interstate_on_off
D:13:     layout_small_grid, uniq_maurice
D:14:     layout_rooms, erik_vaults_2, gauntlet_entry_generic, grunt_decor_cap,
          eino_house_with_fridge, uniq_roxanne
D:15:     gammafunk_depths_entry_grave, layout_grid_maze, enter_trove_0,
          hex_tiny
Lair:1:   layout_regular_city, grunt_megastairs_2, lemuel_fruit_tree,
          infiniplex_staircase_pool, uniq_erica
Lair:2:   lemuel_ratsnest, layout_loops_ring, dummy_snake_entry,
          chequers_serial_rivers_small_b, lemuel_fruit_fields
Snake:1:  layout_onion_interference, serial_shops, shop, minmay_shoptagon,
          uniq_rupert
Snake:2:  layout_grid_maze, serial_shops, shop, shop,
          hangedman_snake_corridor_cut
Snake:3:  layout_cave_shapes, basic_altar, portal_ice_cave_entry_ugly_swarm,
          st_stairs_5

Skill      XL: |  1  2  3  4  5  6  7  8  9 10 11 12 13 14 15 |
---------------+----------------------------------------------+-----
Fighting       | 4 5 6 7 8 9 11 15 18 19 | 19.8
Maces & Flails | 4 5 6 7 9 |  9.8
Armour         | 3 4 5 7 8 10 11 12 14 15 | 15.4
Shields        | 1 2 3 4 5 |  5.7
Dodging        | 3 4 5 6 9 12 13 | 13.3
Stealth        | 1 |  1.8
Axes           | 7 12 14 16 17 | 17.4
Throwing       | |  0.3
Unarmed Combat | |  0.5

Action                     |  1- 3 |  4- 6 |  7- 9 | 10-12 | 13-15 || total
---------------------------+-------+-------+-------+-------+-------++-------
  Melee: Mace              |    59 |    19 |       |       |       ||    78
         Headbutt          |    10 |    13 |    35 |    71 |   103 ||   232
         Flail             |       |    72 |   160 |       |       ||   232
         Punch             |       |     2 |     2 |     1 |       ||     5
         War axe           |       |       |    11 |   261 |       ||   272
         Broad axe         |       |       |       |   124 |   473 ||   597
         Unarmed           |       |       |       |       |     1 ||     1
  Throw: Dart              |       |       |       |       |     3 ||     3
 Invoke: Berserk           |     1 |     3 |     4 |     6 |     6 ||    20
         Brothers in Arms  |       |       |       |     2 |       ||     2
    Use: Potion            |     1 |     3 |     1 |     2 |     1 ||     8
         Scroll            |     4 |     4 |     9 |    16 |     2 ||    35
 Armour: Ring mail         |    33 |    46 |    68 |       |       ||   147
         Plate armour      |       |       |    60 |   285 |   149 ||   494
  Dodge: Dodged            |    38 |    47 |   108 |   150 |   177 ||   520
  Block: Other             |    19 |    25 |    49 |     2 |       ||    95
         Buckler           |       |       |       |   239 |   157 ||   396
         Reflection        |       |       |       |     9 |    48 ||    57
         Kite shield       |       |       |       |       |   274 ||   274
